 Dungeon Crawl Stone Soup version 0.29-a0-565-g7a16c6de65 (webtiles) character file.

Game seed: 1961753884671131287

20844 Gargoyl the Carver (level 12, -8/79 HPs)
             Began as a Gargoyle Berserker on June 11, 2022.
             Was a Priest of Trog.
             Mangled by a spriggan rider
             ... wielding a +0 spear of flaming
              (19 damage)
             ... on level 2 of the Lair of Beasts.
             The game lasted 00:17:51 (10773 turns).

Gargoyl the Carver (Gargoyle Berserker)            Turns: 10773, Time: 00:17:52

Health: -8/79      AC: 24    Str: 31    XL:     12   Next: 83%
Magic:  12/12      EV: 16    Int:  9    God:    Trog [***...]
Gold:   867        SH:  0    Dex: 13    Spells: 11/11 levels left

rFire   . . .      SeeInvis .   n - +3 falchion (elec)
rCold   . . .      Faith    .   (no shield)
rNeg    + . .      Spirit   .   C - +0 troll leather armour
rPois   ∞          Reflect  .   v - +0 helmet
rElec   +          Harm     .   y - +2 cloak {rCorr}
rCorr   +          Rampage  .   (no gloves)
Will    .....                   m - +1 pair of boots
Stlth   +.........              o - amulet "Wiomn" {+Blink Regen+ Str+4 Stlth-}
HPRegen 1.83/turn               f - +4 ring of protection
MPRegen 0.13/turn               t - +6 ring of strength

@: about to teleport, on berserk cooldown, slowed, very slow
A: sickness immunity, AC +8, negative energy resistance 1, electricity
resistance, torment resistance 1, petrification resistance
a: Renounce Religion, Evoke Blink, Berserk, Trog's Hand


You were on level 2 of the Lair of Beasts.
You worshipped Trog.
Trog was most pleased with you.
You visited 2 branches of the dungeon, and saw 11 of its levels.
You also visited: Sewer.

You collected 867 gold pieces.

Inventory:

Hand Weapons
 a - a +0 hand axe
 n - a +3 falchion of electrocution (weapon)
 A - a +4 scimitar of flaming
Missiles
 b - 32 poisoned darts (quivered)
 l - a throwing net
Armour
 m - a +1 pair of boots (worn)
 v - a +0 helmet (worn)
 y - a +2 cloak of preservation (worn)
 C - a +0 troll leather armour (worn)
Jewellery
 d - an amulet of reflection
 f - a +4 ring of protection (left hand)
 o - the amulet "Wiomn" (around neck) {+Blink Regen+ Str+4 Stlth-}
   (You acquired it on level 6 of the Dungeon)

   [amulet of regeneration]

   Str:       It affects your strength (+4).
   +Blink:    It lets you blink.
   Regen:     It increases your rate of health regeneration.
   Stlth:     It makes you less stealthy.
 t - a +6 ring of strength (right hand)
 D - a ring of ice
Wands
 x - a wand of flame (6)
Scrolls
 p - 2 scrolls of fog
 s - a scroll of identify
 u - 3 scrolls of teleportation
Potions
 c - 2 potions of magic
 e - 2 potions of brilliance
 h - 2 potions of lignification
 j - 3 potions of haste
 k - 2 potions of cancellation
 r - a potion of mutation
 w - 3 potions of berserk rage
 z - a potion of invisibility {unknown}
 B - 2 potions of might {unknown}


   Skills:
 + Level 10.7 Fighting
 + Level 12.3 Long Blades
 + Level 4.7 Axes
 + Level 1.2 Throwing
 + Level 6.0 Armour
 + Level 9.4 Dodging
 + Level 3.5 Stealth


You had 11 spell levels left.
You didn't know any spells.
Your spell library was empty.

Dungeon Overview and Level Annotations

Branches:
Dungeon (9/15)             Temple (0/1) D:4            Lair (2/6) D:9
  Sewer (visited)
  Swamp: Lair:2-4    Shoals: Lair:2-4     Snake: Lair:2-4    Spider: Lair:2-4
    Orc: D:9-12

Altars:
Gozag
Kikubaaqudgha
Trog

Annotations:
Lair:2 ohados's ghost, journeyman FeEE


Innate Abilities, Weirdness & Mutations

You are immune to sickness and miasma.
Your stone body is resilient. (AC +8)
You are immune to poison.
You resist negative energy. (rN+)
You are resistant to electric shocks. (rElec)
You are resistant to unholy torment.
You are immune to petrification.


Message History

You slice the spriggan!!
You kill the spriggan!
Trog accepts your kill.
The spriggan rider hits you from afar with a +3 trident of flaming.
* * * LOW HITPOINT WARNING * * *
The spriggan rider burns you.
* * * LOW HITPOINT WARNING * * *
The spriggan rider hits you but does no damage.
You feel a strong urge to attack something.
You feel the effects of Trog's Hand fading.
Ohados's ghost casts a spell.
You feel your anger nearly subside.
You are no longer berserk.
You are exhausted.
You feel yourself slow down.
The moth of wrath attacks as you move away!
The moth of wrath misses you.
The moth of wrath goads the spriggan rider on!
The spriggan rider goes berserk!
The spriggan rider hits you from afar with a +0 spear of flaming!
* * * LOW HITPOINT WARNING * * *
The spriggan rider burns you.
* * * LOW HITPOINT WARNING * * *
The spriggan rider hits you from afar with a +0 spear of flaming!
* * * LOW HITPOINT WARNING * * *
The spriggan rider burns you.
* * * LOW HITPOINT WARNING * * *
The moth of wrath completely misses you.
As you read the scroll of teleportation, it crumbles to dust.
You feel strangely unstable.
Your skin stops crawling.
You feel less strong-willed.
The spriggan rider hits you but does no damage.
The moth of wrath completely misses you.
The moth of wrath goads the spriggan on!
The spriggan goes berserk!
The spriggan rider completely misses you.
The moth of wrath misses you.
The moth of wrath goads the spriggan rider on!
The spriggan rider goes berserk!
The spriggan rider hits you from afar with a +0 spear of flaming!!
You die...

#......P..............#......#..#
#.#........#####............#...#
##.......###...###..........+.(P#
+.+.....##....## ##..P.......#..#
#...)...##....#####...+.....##.##
##.)...##)###.#≈#.##.###.#####.#
###....#..#≈.5i##..#..##.#####.#
.#....©#©...Wyiy...#©..........##
.......#...i.?.#@..#............#
.......##....#≈#..##............#
........#....###..#.............#
........##...#i####............P#
.........###.i.###.............##
...........#####.....##P.......#
.....................####...P..##
.....................#......#..P#
...............P#.........†....##


You could see 2 spriggan riders, 2 moths of wrath, ohados's ghost and a shadow
imp (summoned).

Vanquished Creatures
  Fannar (Lair:2)
  Erica (D:8)
  2 two-headed ogres
  7 death yaks
  The ghost of supermoro the Covered, a novice GrFi of Gozag (D:7)
  Pikel (D:7)
  An ugly thing (D:8)
  3 cane toads
  A rime drake (Lair:1)
  An unseen horror (D:9)
  3 komodo dragons (Lair:1)
  2 trolls (D:9)
  2 hornets
  4 blink frogs (Lair:1)
  A tyrant leech (Lair:1)
  A wyvern (D:7)
  4 spriggans (Lair:2)
  2 basilisks
  13 yaks (Lair:2)
  Menkaure (D:4)
  A steam dragon (D:8)
  3 swamp worms (Lair:1)
  6 water moccasins
  A spectral hornet (D:7)
  2 orc warriors (D:9)
  A sky beast (D:7)
  3 black bears
  An ice beast (D:6)
  3 ogres
  2 kobold brigands
  A phantom (D:5)
  A lemure (D:7)
  9 bullfrogs
  4 scorpions
  4 wights (D:9)
  28 killer bees
  6 electric eels (D:5)
  A howler monkey (D:6)
  Crazy Yiuf (D:7)
  5 orc priests
  A centaur skeleton (D:7)
  A gnoll shaman (D:8)
  3 iguanas
  Natasha (D:2)
  4 orc wizards
  2 hell rats (D:9)
  11 gnolls
  11 adders
  2 river rats
  2 white imps (D:7)
  2 ufetubi
  A worm (D:3)
  3 dart slugs
  25 orcs
  7 endoplasms
  8 giant cockroaches
  8 goblins
  6 hobgoblins
  19 kobolds
  6 quokkas
  7 ball pythons
  4 bats
  13 frilled lizards
  9 rats
291 creatures vanquished.

Vanquished Creatures (collateral kills)
  A death yak (D:9)
1 creature vanquished.

Vanquished Creatures (others)
  A human (D:6)
  An orc wizard (D:4)
  4 fungi (Lair:2)
  12 plants
18 creatures vanquished.

Grand Total: 310 creatures vanquished

Notes
Turn   | Place    | Note
-------+----------+-------------------------------------------
     0 | D:1      | Gargoyl the Gargoyle Berserker began the quest for the Orb.
     0 | D:1      | Reached XP level 1. HP: 14/14 MP: 1/1
   433 | D:1      | Reached XP level 2. HP: 8/19 MP: 2/2
   804 | D:1      | Reached ** piety under Trog
   878 | D:1      | Reached XP level 3. HP: 24/24 MP: 3/3
  1232 | D:1      | Found an opulent altar of Gozag.
  1788 | D:2      | Noticed Natasha
  1794 | D:2      | Killed Natasha
  1795 | D:2      | Reached XP level 4. HP: 29/29 MP: 4/4
  1924 | D:3      | Reached skill level 1 in Stealth
  2993 | D:4      | Noticed Menkaure
  3005 | D:4      | Killed Menkaure
  3006 | D:4      | Reached skill level 1 in Long Blades
  3006 | D:4      | Reached XP level 5. HP: 27/34 MP: 5/5
  3006 | D:4      | Reached XP level 6. HP: 32/39 MP: 6/6
  3444 | D:4      | Found a staircase to the Ecumenical Temple.
  3463 | D:4      | Reached *** piety under Trog
  3805 | D:5      | Entered Level 5 of the Dungeon
  3865 | D:5      | Reached skill level 2 in Long Blades
  3865 | D:5      | Reached XP level 7. HP: 42/44 MP: 7/7
  3970 | D:5      | Reached skill level 3 in Long Blades
  4525 | D:5      | Reached skill level 5 in Fighting
  4543 | D:5      | Noticed a two-headed ogre
  4554 | D:5      | Killed a two-headed ogre
  4555 | D:5      | Reached skill level 5 in Long Blades
  4555 | D:5      | Reached XP level 8. HP: 51/51 MP: 8/8
  4630 | D:5      | You fall into a shaft and drop 1 floor!
  4856 | D:6      | Identified a scroll of acquirement
  4856 | D:6      | Acquired the amulet "Wiomn" {+Blink Regen+ Str+4 Stlth-}
  5118 | D:6      | Found a glowing drain.
  5137 | Sewer    | Entered a sewer
  5547 | D:6      | Reached XP level 9. HP: 38/55 MP: 9/9
  5671 | D:5      | Reached skill level 6 in Long Blades
  5834 | D:5      | Reached skill level 5 in Dodging
  6205 | D:6      | Found an ancient bone altar of Kikubaaqudgha.
  6525 | D:7      | Reached skill level 7 in Long Blades
  6635 | D:7      | Noticed Pikel
  6678 | D:7      | Killed Pikel
  6679 | D:7      | Reached XP level 10. HP: 23/61 MP: 10/10
  6855 | D:7      | Found a runed translucent gate.
  6855 | D:7      | Found a runed translucent gate.
  6855 | D:7      | Found a runed translucent gate.
  6856 | D:7      | Noticed supermoro's ghost (novice GrFi)
  6934 | D:7      | Found a runed translucent door.
  6935 | D:7      | Noticed Crazy Yiuf
  6943 | D:7      | Killed Crazy Yiuf
  6953 | D:7      | Identified the +0 mace of Sin {vorpal, Str+6 Dex+3}
  7050 | D:7      | Killed supermoro's ghost
  7051 | D:7      | Reached skill level 8 in Long Blades
  7226 | D:8      | Reached **** piety under Trog
  7410 | D:8      | Noticed Erica
  7433 | D:8      | Killed Erica
  7919 | D:8      | Reached skill level 9 in Long Blades
  7924 | D:8      | Reached skill level 5 in Armour
  8290 | D:9      | Noticed a two-headed ogre
  8314 | D:9      | Killed an unseen horror
  8324 | D:9      | Killed a two-headed ogre
  8324 | D:9      | Noticed a death yak
  8325 | D:9      | Reached XP level 11. HP: 68/68 MP: 11/11
  8331 | D:9      | Reached skill level 1 in Throwing
  8338 | D:9      | Noticed a death yak
  8342 | D:9      | Noticed a death yak
  8382 | D:9      | Found a staircase to the Lair.
  8588 | D:9      | Killed a death yak
  8612 | D:9      | Killed a death yak
  8633 | D:9      | Killed a death yak
  8634 | D:9      | Reached skill level 10 in Long Blades
  8681 | D:9      | Noticed a red ugly thing
  8714 | D:8      | Killed a red ugly thing
  9096 | Lair:1   | Entered Level 1 of the Lair of Beasts
  9446 | Lair:1   | Reached skill level 11 in Long Blades
  9481 | Lair:1   | Reached XP level 12. HP: 76/76 MP: 12/12
 10024 | Lair:2   | Noticed a death yak
 10024 | Lair:2   | Noticed a death yak
 10024 | Lair:2   | Noticed a death yak
 10024 | Lair:2   | Noticed a death yak
 10024 | Lair:2   | Noticed a death yak
 10047 | Lair:1   | Killed a death yak
 10057 | Lair:1   | Killed a death yak
 10058 | Lair:1   | Reached skill level 10 in Fighting
 10113 | Lair:1   | Killed a death yak
 10120 | Lair:1   | Killed a death yak
 10178 | Lair:1   | Killed a death yak
 10214 | Lair:2   | Noticed Fannar
 10232 | Lair:2   | Killed Fannar
 10233 | Lair:2   | Reached skill level 12 in Long Blades
 10655 | Lair:2   | Found a transporter.
 10670 | Lair:2   | Found a bloodstained altar of Trog.
 10671 | Lair:2   | Noticed ohados's ghost (journeyman FeEE)
 10689 | Lair:2   | Found a transporter.
 10773 | Lair:2   | Mangled by a spriggan rider

Illustrated notes

Levels and vault maps discovered:
D:1:      dpeg_arrival_lava_altar, layout_basic, serial_forest,
          infiniplex_forest_clump_long, infiniplex_forest_clump_small,
          infiniplex_forest_clump_small, infiniplex_forest_clump_long,
          infiniplex_forest_pool, infiniplex_forest_end_1, corexii_corridor_pit,
          minmay_pentomino_p2
D:2:      layout_rooms, kennysheep_generic_room_7, uniq_natasha
D:3:      layout_basic
D:4:      layout_basic, minmay_temple_entry_large_hall, uniq_menkaure
D:5:      cheibrodos_two_vegetables, layout_rooms, grunt_ministairs_11
D:6:      layout_gridville, tgw_kikubaaqudgha, gup_sewer_entry_pipe
D:7:      layout_cave_pools, gammafunk_ghost_necromancy, uniq_pikel,
          uniq_crazy_yiuf_cottage
D:8:      layout_layer_cave, enter_bailey_2, uniq_erica
D:9:      layout_rooms, dpeg_lair_monsters, minmay_microvault
Lair:1:   layout_regular_city, worms_lemuel, lemuel_fruit_tree
Lair:2:   layout_regular_city, palyth_hydra_swamp_entry,
          gammafunk_ghost_wrathful_warriors, uniq_fannar

Skill      XL: |  1  2  3  4  5  6  7  8  9 10 11 12 |
---------------+-------------------------------------+-----
Axes           | 3 4 |  4.7
Fighting       | 4 5 6 8 9 10 | 10.7
Dodging        | 2 4 6 7 8 9 |  9.4
Stealth        | 1 2 3 |  3.5
Long Blades    | 1 2 5 7 9 11 12 | 12.3
Armour         | 4 5 6 |  6.0
Throwing       | 1 |  1.2

Action                   |  1- 3 |  4- 6 |  7- 9 | 10-12 || total
-------------------------+-------+-------+-------+-------++-------
Melee: Hand axe          |   130 |    37 |       |       ||   167
       Falchion          |       |    86 |   398 |   785 ||  1269
       Punch             |       |     4 |     7 |    19 ||    30
Throw: Dart              |       |       |       |     6 ||     6
Invok: Trog's Hand       |       |       |     6 |    21 ||    27
       Berserk           |       |       |     3 |    11 ||    14
       Brothers in Arms  |       |       |       |     1 ||     1
  Use: Scroll            |       |    11 |     9 |     7 ||    27
       Potion            |       |       |       |     7 ||     7
 Stab: Sleeping          |       |     3 |     2 |       ||     5
Armor: Animal skin       |    40 |    75 |   107 |       ||   222
       Leather armour    |       |       |   163 |   382 ||   545
       Troll leather arm |       |       |       |   187 ||   187
Dodge: Dodged            |    97 |   102 |   390 |   799 ||  1388

Table legend: (Time is in decaauts)
 A = Elapsed time spent in this place.
 B = Non-inter-level travel time spent in this place.
 C = Inter-level travel time spent in this place.
 D = Time resting spent in this place.
 E = Time spent auto-exploring this place.
 F = Levels seen in this place.
 G = Mean time per level.
                   A        B        C        D        E       F      G
               +--------+--------+--------+--------+--------+-----+--------+
         Total |  10916 |  10571 |    345 |     88 |   7241 |  12 |  909.7 |
       Dungeon |   8865 |   8539 |    326 |     10 |   6155 |   9 |  985.0 |
          Lair |   1625 |   1607 |     18 |     78 |    869 |   2 |  812.5 |
         Sewer |    426 |    426 |      0 |      0 |    216 |   1 |  426.0 |
               +--------+--------+--------+--------+--------+-----+--------+

Top non-repeatable levels by time:
     D:1: 1368 daAuts
     D:5: 1196 daAuts
     D:8: 1193 daAuts
  Lair:1: 1078 daAuts
     D:3: 1067 daAuts
     D:6: 1029 daAuts
     D:4: 848 daAuts
     D:9: 813 daAuts
     D:7: 789 daAuts
     D:2: 559 daAuts
  Lair:2: 547 daAuts
   Sewer: 426 daAuts
